 Dungeon Crawl Stone Soup version 0.19.0-20-gbc5f0c6 (webtiles) character file.

1186 Chiseanne the Skirmisher (level 8, -2/62 HPs)
             Began as a Demonspawn Wanderer on Nov 17, 2016.
             Was an Initiate of Makhleb.
             Slain by a wyvern skeleton (7 damage)
             ... on level 6 of the Dungeon.
             The game lasted 00:21:00 (7513 turns).

Chiseanne the Skirmisher (Demonspawn Wanderer)      Turns: 7513, Time: 00:21:00

Health: -2/62      AC: 14    Str: 13    XL:     8   Next: 19%
Magic:  8/8        EV:  7    Int: 17    God:    Makhleb [......]
Gold:   53         SH:  0    Dex: 14    Spells: 0 memorised, 7 levels left

rFire  + . .     SeeInvis .     a - +0 hand axe
rCold  . . .     Gourm    .     o - +1 chain mail
rNeg   . . .     Faith    .     (no shield)
rPois  .         Spirit   .     (no helmet)
rElec  .         Reflect  .     (no cloak)
rCorr  .         Harm     .     w - +0 pair of gloves
MR     .....                    E - +0 pair of boots
Stlth  ..........               (no amulet)
                                (no ring)
                                i - +3 ring of intelligence

@: no status effects
A: molten scales 1, fire resistance 1
a: Renounce Religion


You were on level 6 of the Dungeon.
You worshipped Makhleb.
Makhleb was noncommittal.
You were not hungry.

You visited 2 branches of the dungeon, and saw 7 of its levels.

You collected 244 gold pieces.
You spent 191 gold pieces at shops.

Inventory:

Hand Weapons
 a - a +0 hand axe (weapon)
 s - a +1 dagger of venom
 A - a +0 blowgun
Missiles
 h - 37 sling bullets
 l - 4 tomahawks
 n - 138 stones
 p - 38 bolts
 u - 4 poisoned tomahawks (quivered)
 z - 43 poisoned needles
 C - 15 arrows
Armour
 b - a +0 large shield
 o - a +1 chain mail (worn)
 w - a +0 pair of gloves (worn)
 E - a +0 pair of boots (worn)
Jewellery
 i - a +3 ring of intelligence (left hand)
 q - an uncursed amulet of harm
 H - an uncursed ring of fire
Scrolls
 c - a scroll of fear
 d - a scroll of amnesia
 k - 4 scrolls of remove curse
 x - 2 scrolls of teleportation
 y - a scroll of immolation
 D - 2 scrolls of recharging
 F - a scroll of fog
Potions
 e - 2 potions of cure mutation
 g - a potion of invisibility
 j - 2 potions of heal wounds
 m - 2 potions of lignification
 r - a potion of ambrosia
 v - a potion of magic
 B - a potion of curing
 G - 2 potions of berserk rage
Comestibles
 f - 3 bread rations
 t - a meat ration


   Skills:
 * Level 5.2 Fighting
 * Level 5.2 Axes
 - Level 1.0 Throwing
 * Level 4.1 Armour
 * Level 4.4 Dodging
 - Level 1.0 Stealth
 - Level 1.0 Unarmed Combat
   Level 1.0 Evocations


You had 7 spell levels left.
You didn't know any spells.

Dungeon Overview and Level Annotations

Branches:
Dungeon (6/15)             Temple (1/1) D:5

Altars:
Ashenzari
Cheibriados
Dithmenos
Elyvilon
Fedhas
Gozag
Hepliaklqana
Kikubaaqudgha
Makhleb
Nemelex Xobeh
Okawaru
Qazlal
Sif Muna
Trog
Uskayaw
Vehumet
Xom
Yredelemnul
The Shining One

Shops:
D:4 :*(?[

Annotations:
D:5 Monkfish's ghost, novice KoBe


Innate Abilities, Weirdness & Mutations

You are partially covered in molten scales. (AC +2)
Your flesh is heat resistant. (rF+)


Message History

The wyvern skeleton is moderately damaged.
The wyvern skeleton bites you!
Wield which item (- for none, * to show all)? (? for menu, Esc to quit)
Your +1 dagger of venom stops dripping with poison.
a - a +0 hand axe (weapon)
The wyvern skeleton bites you.
Your chain mail prevents you from hitting the wyvern skeleton.
The wyvern skeleton is moderately damaged.
The wyvern skeleton bites you!
* * * LOW HITPOINT WARNING * * *
You hit the wyvern skeleton.
The wyvern skeleton is heavily damaged.
The wyvern skeleton bites you.
* * * LOW HITPOINT WARNING * * *
The wyvern skeleton bites you.
* * * LOW HITPOINT WARNING * * *
You hit the wyvern skeleton.
The wyvern skeleton is heavily damaged.
The wyvern skeleton bites you!
You die...

### ..# # #.# #.######.#
#........##### #######
#............####.....#
#.......###...@.#.###.#
#.#......<#..##Z#.# #.#
.# #
#.#######..##)#.###.###.#
#. .....##.#Z#.....#.# .
.......>#.#.#.#.#.# .
#.##.......#.#.#.#.#
............# #.#.#.# ##
##.########.# ..#.#.##.#.
#.# ###......#.


You could see a wyvern skeleton.

Vanquished Creatures
  Menkaure (D:5)
  A water moccasin (D:5)
  Duvessa (D:5)
  An ice beast (D:4)
  2 ogres
  A phantom (D:4)
  The ghost of dscm the Insei, an amateur OpTm (D:4)
  Dowan (D:5)
  A crimson imp (D:5)
  A hound (D:4)
  An orc wizard (D:3)
  An iguana (D:4)
  3 worker ants
  6 gnolls
  4 adders
  An ooze (D:3)
  An adder skeleton (D:4)
  2 worms (D:2)
  4 leopard geckos
  10 orcs
  10 bats
  3 giant cockroaches
  8 hobgoblins
  3 jackals (D:1)
  A quokka (D:3)
  2 frilled lizards (D:1)
  4 goblins
  12 kobolds
  A leopard gecko skeleton (D:4)
  A leopard gecko zombie (D:5)
  4 rats
93 creatures vanquished.

Notes
Turn   | Place    | Note
-------+----------+-------------------------------------------
     0 | D:1      | Chiseanne the Demonspawn Wanderer began the quest for the Orb.
     0 | D:1      | Chiseanne set off with: 2 potions of berserk rage, a +0 hand axe, a potion of curing, a +0 robe, a bread ration
     0 | D:1      | Reached XP level 1. HP: 16/16 MP: 1/1
   503 | D:1      | Gained mutation: Your flesh is heat resistant. (rF+) [demonic ancestry]
   503 | D:1      | Reached XP level 2. HP: 22/22 MP: 2/2
  1101 | D:1      | Reached skill level 1 in Dodging
  1387 | D:2      | Reached XP level 3. HP: 10/28 MP: 3/3
  2216 | D:2      | Reached XP level 4. HP: 30/34 MP: 4/4
  4095 | D:4      | Gained mutation: You are partially covered in molten scales. (AC +2) [demonic ancestry]
  4095 | D:4      | Reached XP level 5. HP: 19/41 MP: 5/5
  4135 | D:4      | Noticed dscm's ghost (amateur OpTm)
  4350 | D:4      | HP: 2/41 [poisoned by a worker ant]
  4508 | D:4      | Noticed an ogre
  4539 | D:4      | Killed an ogre
  4539 | D:4      | Reached XP level 6. HP: 25/47 MP: 6/6
  4725 | D:4      | Found Ollan's Book Shop.
  5071 | D:4      | Killed dscm's ghost
  5468 | D:4      | Found Kiumos's Antique Armour Emporium.
  5471 | D:4      | Bought a pair of boots for 81 gold pieces
  5478 | D:4      | Found Fus Sois's Magic Scroll Shoppe.
  5628 | D:4      | Bought a scroll of fog for 24 gold pieces
  5628 | D:4      | Bought a scroll of random uselessness for 12 gold pieces
  5628 | D:4      | Bought 2 scrolls of identify for 48 gold pieces
  5642 | D:4      | Found a shadowy altar of Dithmenos.
  5643 | D:4      | Found a deep blue altar of Sif Muna.
  5685 | D:4      | Found Xyrasmeh's Antique Weapon Boutique.
  5756 | D:4      | Found Sewiu's Assorted Antiques.
  5761 | D:4      | Bought a scroll labeled KUOPNE HUACAE for 26 gold pieces
  5849 | D:4      | Noticed an ice beast
  5884 | D:4      | Killed an ice beast
  5884 | D:4      | Reached XP level 7. HP: 23/54 MP: 7/7
  6279 | D:5      | Entered Level 5 of the Dungeon
  6308 | D:5      | Noticed Monkfish's ghost (novice KoBe)
  6360 | D:5      | Noticed Dowan
  6361 | D:5      | Noticed Duvessa
  6388 | D:5      | Killed Duvessa
  6409 | D:5      | Killed Dowan
  6579 | D:5      | Noticed Menkaure
  6608 | D:5      | Killed Menkaure
  6608 | D:5      | Reached skill level 5 in Axes
  6832 | D:5      | Found a staircase to the Ecumenical Temple.
  6862 | D:5      | Reached skill level 5 in Fighting
  6862 | D:5      | Reached XP level 8. HP: 16/62 MP: 8/8
  6882 | D:5      | HP: 3/62 [poisoned by a water moccasin]
  6887 | D:5      | HP: 2/62 [poisoned by a water moccasin]
  6895 | D:5      | HP: 2/62 [poisoned by a water moccasin]
  6977 | D:5      | Found a glowing golden altar of the Shining One.
  7235 | Temple   | Entered the Ecumenical Temple
  7302 | Temple   | Became a worshipper of Makhleb the Destroyer
  7513 | D:6      | Slain by a wyvern skeleton

Skill      XL: |  1  2  3  4  5  6  7  8 |
---------------+-------------------------+-----
Axes           | 3 4 5 |  5.2
Dodging        | 1 2 3 4 |  4.4
Fighting       | 3 4 5 |  5.2
Armour         | 2 3 4 |  4.1
Throwing       | |  1.0
Stealth        | |  1.0
Unarmed Combat | |  1.0
Evocations     | |  1.0

Action                   |  1- 3 |  4- 6 |  7- 9 || total
-------------------------+-------+-------+-------++-------
Melee: Hand axe          |    87 |   206 |    43 ||   336
       Dagger            |       |    82 |    89 ||   171
       Punch             |       |       |     1 ||     1
Throw: Tomahawk          |     4 |    18 |    14 ||    36
       Stone             |     6 |     4 |     8 ||    18
  Use: Scroll            |     6 |    10 |     1 ||    17
       Potion            |     2 |     1 |     2 ||     5
 Stab: Sleeping          |       |     1 |       ||     1
  Eat: Chunk             |     4 |    12 |     1 ||    17
       Beef jerky        |       |       |     1 ||     1
       Bread ration      |       |       |     1 ||     1
       Pizza             |       |       |     1 ||     1
Armor: Robe              |    33 |     1 |       ||    34
       Chain mail        |       |   165 |    81 ||   246
Dodge: Dodged            |    61 |   113 |    56 ||   230
